 Dungeon Crawl Stone Soup version 0.31-a0-836-g3ceb0a68c4 (webtiles) character file.

Game seed: 10619977009428396357

38 mcwallace the Caller (level 3, 0/19 HPs)
             Began as a Deep Elf Summoner on Sept 27, 2023.
             Slain by an adder (3 damage)
             ... on level 2 of the Dungeon.
             The game lasted 00:04:08 (1208 turns).

mcwallace the Caller (Deep Elf Summoner)            Turns: 1208, Time: 00:04:08

Health: 0/19       AC:  2    Str:  5    XL:     3   Next: 25%
Magic:  10/10      EV: 13    Int: 21    God:
Gold:   111        SH:  0    Dex: 15    Spells: 8/9 levels left

rFire   . . .        d - +0 sling
rCold   . . .        (no shield)
rNeg    . . .        a - +0 robe
rPois   .            (no helmet)
rElec   .            (no cloak)
rCorr   .            (no gloves)
SInv    .            (no boots)
Will    .....        (no amulet)
Stlth   ++           (no ring)
HPRegen 0.23/turn    (no ring)
MPRegen 0.12/turn

%: no passive effects
@: mighty, lethally poisoned (0 -> -5)
A: no striking features
a: no special abilities


You were on level 2 of the Dungeon.
You visited 1 branch of the dungeon, and saw 2 of its levels.

You collected 111 gold pieces.


   Skills:
 + Level 3.3 Dodging
 - Level 2.4 Stealth
 + Level 3.8 Spellcasting
 + Level 4.8 Summonings


You had 8 spell levels left.
You knew the following spells:

 Your Spells              Type           Power      Damage    Failure   Level
a - Summon Small Mammal   Summ           96%        N/A       1%          1

Your spell library contained the following spells:

 Spells                   Type           Power      Damage    Failure   Level
 Call Imp                 Summ           48%        N/A       2%          2
 Call Canine Familiar     Summ           24%        N/A       4%          3
 Summon Guardian Golem    Hex/Summ       14%        N/A       14%         3
 Sublimation of Blood     Necr           3%         N/A       19%         2
 Summon Lightning Spire   Summ/Air       14%        N/A       41%         4
 Petrify                  Tmut/Erth      3%         N/A       77%         4
 Irradiate                Conj/Tmut      1%         3d12      98%         5

Inventory:

Hand Weapons
 c - a +0 dagger {short}
   (You took it off a goblin on level 1 of the Dungeon)
 d - a +0 sling (weapon)
   (You found it on level 1 of the Dungeon)
Missiles
 h - 3 boomerangs {throwing}
 i - 20 stones {throwing}
 l - 5 poisoned darts {throwing}
Armour
 a - a +0 robe (worn)
Magical Staves
 k - a staff of air {!astaff}
   (You found it on level 1 of the Dungeon)
Scrolls
 e - a scroll of identify {unknown}
 f - a scroll of teleportation {unknown}
 j - a scroll of poison {unknown}
 m - a scroll of amnesia {unknown}
Potions
 b - 3 potions of magic

Dungeon Overview and Level Annotations

Branches:
Dungeon (2/15) Zot: 10766

Altars:

Shops:
D:1

=[[ #. #. # #. #.#.
####.#. ### ..S....
..#
###...S#####.#####.#
......r@..<........#
###......<...†.....#
#...######.####.##
#..#. #.# #. > ##.##
# ## #...# #...#
#...# ##.##


You could see 2 adders and a friendly quokka (summoned).


Message History

You shoot a sling bullet. The sling bullet hits the hobgoblin.
The hobgoblin shouts!
Fire: d) +0 sling
Press: ? - help, Q - select action, (/) - cycle Shift-Dir - straight line, f/p - hobgoblin
Aim: a hobgoblin (severely wounded, 54% to hit)
You shoot a sling bullet.
The sling bullet closely misses the hobgoblin.
The hobgoblin misses you.
Fire: d) +0 sling
Press: ? - help, Q - select action, (/) - cycle Shift-Dir - straight line, f/p - hobgoblin
Aim: a hobgoblin (severely wounded, 54% to hit)
You shoot a sling bullet.
The sling bullet hits the hobgoblin but does no damage.
The hobgoblin misses you.
Fire: d) +0 sling
Press: ? - help, Q - select action, (/) - cycle Shift-Dir - straight line, f/p - hobgoblin
Aim: a hobgoblin (severely wounded, 54% to hit)
You shoot a sling bullet. The sling bullet hits the hobgoblin!
You kill the hobgoblin!
There is a stone staircase leading up here.
An adder comes into view.
Found an escape hatch in the floor.
The adder hisses angrily.
You see here a scroll labelled FUTHEABOIMI.
Fire: d) +0 sling
Press: ? - help, Q - select action, (/) - cycle Shift-Dir - straight line, f - adder
Aim: an adder (32% to hit)
You shoot a sling bullet. The sling bullet misses the adder.
Casting: Summon Small Mammal (safe; 1% risk of failure)
Confirm with . or Enter, or press ? or * to list all spells.
😎 MP[-1]
You lost 1 mp, and now have 9/10 mp.
Fire: d) +0 sling
Press: ? - help, Q - select action, (/) - cycle Shift-Dir - straight line, f/p - adder
Aim: an adder (32% to hit)
You shoot a sling bullet.
The sling bullet closely misses the adder.
The adder bites you.
Your quokka closely misses the adder.
The adder closely misses you. 😕 HP[-2]
You take 2 damage, and now have 17/19 hp.
Fire: d) +0 sling
Press: ? - help, Q - select action, (/) - cycle Shift-Dir - straight line, f/p - adder
Aim: an adder (ally target, 32% to hit)
You shoot a sling bullet.
The sling bullet hits the adder but does no damage.
The adder bites you.
Your quokka closely misses the adder.
The adder completely misses you.
Your quokka closely misses the adder.
Fire: d) +0 sling
Press: ? - help, Q - select action, (/) - cycle Shift-Dir - straight line, f/p - adder
Aim: an adder (ally target, 32% to hit)
You shoot a sling bullet.
The sling bullet barely misses the adder.
The adder bites you but does no damage.
Your quokka barely misses the adder.
The adder bites you.
Your quokka closely misses the adder. 😮 HP[-3]
You take 3 damage, and now have 14/19 hp.
Unknown command.
Fire: d) +0 sling
Press: ? - help, Q - select action, (/) - cycle Shift-Dir - straight line, f/p - adder
Aim: an adder (ally target, 32% to hit)
You shoot a sling bullet.
The sling bullet barely misses the adder.
The adder bites you.
You are poisoned.
The adder poisons you!
Your quokka bites the adder.
The adder closely misses you. 😮 HP[-1]
You take 1 damage, and now have 13/19 hp.
Fire: d) +0 sling
Press: ? - help, Q - select action, (/) - cycle Shift-Dir - straight line, f/p - adder
Aim: an adder (moderately wounded, ally target, 32% to hit)
You shoot a sling bullet.
The sling bullet closely misses the adder.
You feel very sick.
Your quokka closely misses the adder.
The adder bites you.
* * * LOW HITPOINT WARNING * * *
You are lethally poisoned!
The adder poisons you!
An adder comes into view.
Your quokka closely misses the adder.
The adder closely misses you. 😨 HP[-5]
You take 5 damage, and now have 8/19 hp.
MASSIVE DAMAGE!! (PAUSE) Fire: d) +0 sling
Press: ? - help, Q - select action, (/) - cycle Shift-Dir - straight line, f/p - adder
Aim: an adder (moderately wounded, ally target, 32% to hit)
You shoot a sling bullet. The sling bullet misses the adder.
* * * LOW HITPOINT WARNING * * *
You feel very sick.
Your quokka closely misses the adder.
The adder barely misses you.
Your quokka misses the adder. 😨 HP[-3] MP[+1]
You take 3 damage, and now have 5/19 hp.
Your mp is fully restored (10).
It was a potion of might.
You feel very mighty all of a sudden.
* * * LOW HITPOINT WARNING * * *
You feel sick. The adder bites you.
You die...

Skill      XL: |  1  2 |
---------------+-------+-----
Dodging        | 3 |  3.3
Stealth        | |  2.4
Spellcasting   | |  3.8
Summonings     | |  4.8

Action                     || total
---------------------------++-------
  Melee: Unarmed           ||    16
   Fire: Sling             ||    59
   Cast: Summon Small Mamm ||    23
    Use: Potion            ||     1
   Stab: Sleeping          ||     1
 Armour: Robe              ||    41
  Dodge: Dodged            ||    54

Levels and vault maps discovered:
D:1:      sevenhm_arrival_forest_fort_small_5, layout_loops_cross, serial_shops,
          shop_statue, nicolae_shop_hallway_plus,
          nicolae_shop_tiny_statue_garden, minmay_cut_off
D:2:      layout_loops_ring, chequers_decorated_corner

Notes
Turn   | Place    | Note
-------+----------+-------------------------------------------
     0 | D:1      | mcwallace the Deep Elf Summoner began the quest for the
                  | Orb.
     0 | D:1      | Reached XP level 1. HP: 10/10 MP: 6/6
     0 | D:1      | magus.rc [v1.9.6]
   354 | D:1      | Found Poam's Armour Emporium.
   408 | D:1      | Reached XP level 2. HP: 15/15 MP: 8/8
   539 | D:1      | Reached skill level 3 in Dodging
   652 | D:1      | Found Onaomamoalu's Jewellery Emporium.
   688 | D:1      | Found Joaddaes's Antique Armour Emporium.
   713 | D:1      | Reached XP level 3. HP: 19/19 MP: 10/10
  1114 | D:2      | You pick up a book of Alchemy and begin reading...
  1114 | D:2      | You add the spells Sublimation of Blood, Petrify and
                  | Irradiate to your library.
  1208 | D:2      | HP: 3/19 [poisoned by an adder]
  1208 | D:2      | Slain by an adder

Vanquished Creatures
  A ball python (D:1)
  2 endoplasms (D:1)
  A giant cockroach (D:1)
  3 goblins (D:1)
  3 hobgoblins
  2 frilled lizards (D:2)
  A kobold (D:1)
  2 rats
15 creatures vanquished.

Vanquished Creatures (collateral kills)
  2 endoplasms (D:1)
  A giant cockroach (D:1)
  2 hobgoblins (D:1)
  3 jackals (D:1)
  A bat (D:1)
  A frilled lizard (D:1)
  4 goblins (D:1)
  3 kobolds (D:1)
  A rat (D:1)
18 creatures vanquished.

Grand Total: 33 creatures vanquished

Table legend:
 A = Non-vault XP
 B = Vault XP
 C = Vault XP percentage of total XP
 D = Non-vault monster count
 E = Vault monster count
 F = Vault count percentage of total count
                 A         B        C        D         E       F
            +---------+---------+-------+---------+---------+-------
      Total |      48 |       7 |  12.7 |      29 |       4 |  12.1
            +---------+---------+-------+---------+---------+-------
        D:1 |      43 |       7 |  14.0 |      25 |       4 |  13.8
        D:2 |       5 |       0 |   0.0 |       4 |       0 |   0.0
            +---------+---------+-------+---------+---------+-------

Skill      XL: |  1  2 |
---------------+-------+-----
Dodging        | 3 |  3.3
Stealth        | |  2.4
Spellcasting   | |  3.8
Summonings     | |  4.8

Action                     || total
---------------------------++-------
  Melee: Unarmed           ||    16
   Fire: Sling             ||    59
   Cast: Summon Small Mamm ||    23
    Use: Potion            ||     1
   Stab: Sleeping          ||     1
 Armour: Robe              ||    41
  Dodge: Dodged            ||    54

Illustrated notes

Table legend:
 A = Kills in this place as a percentage of kills in the entire game.
 B = Kills by you in this place as a percentage of kills by you in the entire game.
 C = Kills by friends in this place as a percentage of kills by friends in the entire game.
 D = Other kills in this place as a percentage of other kills in the entire game.
 E = Experience gained in this place as a percentage of experience gained in the entire game.
 F = Experience gained in this place divided by the number of levels of this place that you have seen.
                   A       B       C       D       E      F
               +-------+-------+-------+-------+-------+----------------------
         Total | 100.0 | 100.0 | 100.0 |   N/A | 100.0 |  27.5
       Dungeon | 100.0 | 100.0 | 100.0 |   N/A | 100.0 |  27.5
               +-------+-------+-------+-------+-------+----------------------

Table legend: (Time is in decaauts)
 A = Elapsed time spent in this place.
 B = Non-inter-level travel time spent in this place.
 C = Inter-level travel time spent in this place.
 D = Time resting spent in this place.
 E = Time spent auto-exploring this place.
 F = Levels seen in this place.
 G = Mean time per level.
                   A        B        C        D        E       F      G
               +--------+--------+--------+--------+--------+-----+--------+
         Total |   1232 |   1183 |     49 |    135 |    798 |   2 |  616.0 |
       Dungeon |   1232 |   1183 |     49 |    135 |    798 |   2 |  616.0 |
               +--------+--------+--------+--------+--------+-----+--------+

Top non-repeatable levels by time:
     D:1: 1074 daAuts
     D:2: 158 daAuts
